 Dungeon Crawl Stone Soup version 0.24.0-13-gcf9b319 (webtiles) character file.

Game seed: 1682171669427956987, levelgen mode: deterministic

1845 tkappleton the Sneak (level 9, -2/35 HPs)
             Began as a Vine Stalker Venom Mage on Nov 10, 2019.
             Was a Priest of Hepliaklqana.
             Killed from afar by Esmond the battlemage (11 damage)
             ... with a puff of frost
             ... created by the player character
             ... on level 7 of the Dungeon.
             The game lasted 00:43:53 (7297 turns).

tkappleton the Sneak (Vine Stalker Venom Mage)      Turns: 7297, Time: 00:43:54

Health: -2/35      AC:  8    Str: 11    XL:     9   Next: 12%
Magic:  0/17       EV: 18    Int: 18    God:    Hepliaklqana [***...]
Gold:   429        SH:  0    Dex: 15    Spells: 17/18 levels left

rFire    . . .     SeeInvis .   d - +0 short sword (flame)
rCold    . . .     Gourm    .   (no shield)
rNeg     . . .     Faith    .   a - +0 robe
rPois    .         Spirit   +   (no helmet)
rElec    .         Reflect  .   (no cloak)
rCorr    .         Harm     +   t - +0 pair of gloves
MR       +....                  q - +0 pair of boots
Stlth    +++.......             w - amulet of harm
HPRegen  0.51/turn              u - +4 ring of protection
MPRegen  0.15/turn              v - +4 ring of evasion

@: lethally poisoned (-2 -> -11)
A: reduced essence, fangs 3, regeneration 1, magic shield, antimagic bite, no
potion heal 3, rot immunity
a: Recall Ancestor, Ancestor Identity, Transference, Renounce Religion


You were on level 7 of the Dungeon.
You worshipped Hepliaklqana.
Hepliaklqana was most pleased with you.
You were not hungry.

You visited 1 branch of the dungeon, and saw 8 of its levels.

You collected 429 gold pieces.

Inventory:

Hand Weapons
 d - a +0 short sword of flaming (weapon)
Missiles
 n - 4 javelins (quivered)
Armour
 a - a +0 robe (worn)
 q - a +0 pair of boots (worn)
 t - a +0 pair of gloves (worn)
Jewellery
 u - a +4 ring of protection (left hand)
 v - a +4 ring of evasion (right hand)
 w - an amulet of harm (around neck)
 y - an uncursed amulet of magic regeneration {unknown}
 C - an uncursed ring of protection from magic {unknown}
 E - a cursed amulet of inaccuracy {unknown}
Scrolls
 e - 2 scrolls of identify {unknown}
 f - a scroll of fog {unknown}
 h - a scroll of magic mapping {unknown}
 i - 3 scrolls of noise {unknown}
 l - a scroll of amnesia {unknown}
 m - 3 scrolls of enchant armour {unknown}
 p - 3 scrolls of immolation {unknown}
 r - 8 scrolls of remove curse {unknown}
 x - a scroll of blinking {unknown}
Potions
 b - a potion of ambrosia {unknown}
 g - 3 potions of might
 j - 2 potions of heal wounds {unknown}
 k - 3 potions of flight {unknown}
 o - 4 potions of lignification {unknown}
 s - 4 potions of invisibility {unknown}
 z - a potion of agility {unknown}
 A - a potion of haste {unknown}
 D - a potion of magic {unknown}
 F - a potion of berserk rage {unknown}
Comestibles
 c - 10 rations


   Skills:
 + Level 3.9 Short Blades
 + Level 4.2 Dodging
 + Level 6.4 Stealth
 + Level 5.2 Spellcasting
 + Level 4.7 Conjurations
 + Level 5.5 Poison Magic


You had 17 spell levels left.
You knew the following spells:

 Your Spells              Type           Power        Failure   Level  Hunger
a - Sting                 Conj/Pois      ###.         1%          1    None

Your spell library contained the following spells:

 Spells                   Type           Power        Failure   Level  Hunger
 Poisonous Vapours        Pois/Air       ##....       6%          2    #......
 Mephitic Cloud           Conj/Pois/Air  ###.....     10%         3    ##.....
 Olgreb's Toxic Radiance  Pois           ###.....     13%         4    ####...
 Venom Bolt               Conj/Pois      ###.......   41%         5    ######.


Dungeon Overview and Level Annotations

Branches:
Dungeon (8/15)             Temple (0/1) D:6
   Lair: D:8-11

Altars:
Cheibriados
Elyvilon
Hepliaklqana
Qazlal
Trog
Uskayaw
Yredelemnul

Annotations:
D:5 3 runed translucent doors, tmcgee265's ghost, novice HuFE


Innate Abilities, Weirdness & Mutations

You have razor-sharp teeth.
Your natural rate of healing is unusually fast.
When hurt, damage is shared between your health and your magic reserves.
Your bite disrupts and absorbs the magic of your enemies.
Potions cannot restore your health.
You are immune to rotting.
Your life essence is reduced to manifest your ancestor. (-10% HP)


Message History

The bullfrog zombie hits you but does no damage.
Esmond hits the killer bee with a +0 quarterstaff!
The killer bee stings you.
You climb upwards.
You feel sick.
There is a stone staircase leading down, spattered with blood here.
You barely miss the killer bee.
You feel sick.
The killer bee stings you but does no damage.
The killer bee stings you.
* * * LOW HITPOINT WARNING * * *
You are lethally poisoned!
The killer bee poisons you! The killer bee completely misses you.
You hit the killer bee. You burn the killer bee.
You bite the killer bee, but do no damage.
The killer bee is heavily wounded.
* * * LOW HITPOINT WARNING * * *
You feel sick. The killer bee misses you. The killer bee barely misses you.
Esmond gestures at the killer bee while chanting.
The puff of frost misses the killer bee.
The puff of frost hits you!
You die...

# #)# #.# #..#.....# #########.#
#.# #..))[#.##
..........########.# #..#..#.##
......(............# ########.##
...#####..#############.######.##
##.............................##
#######.......(.........########
#.###########.#..)#
#......Ry@yy..#####
###############


You could see the friendly Esmond the battlemage and 3 killer bees.

Vanquished Creatures
  2 ogres
  2 centaurs
  A gnoll sergeant (D:6)
  A scorpion (D:4)
  A howler monkey (D:6)
  A crimson imp (D:6)
  A bullfrog zombie (D:7)
  A hound (D:5)
  Jessica (D:2)
  4 adders
  6 gnolls
  2 river rats (D:5)
  An adder skeleton (D:4)
  2 worms
  A dart slug (D:1)
  5 leopard geckos
  4 orcs
  4 bats
  3 giant cockroaches
  4 goblins
  6 hobgoblins
  A jackal (D:7)
  A quokka (D:2)
  2 frilled lizards
  3 kobolds
  11 rats
71 creatures vanquished.

Vanquished Creatures (collateral kills)
  An orc warrior (D:6)
  4 phantoms
  3 bullfrogs
  A howler monkey (D:6)
  A crimson imp (D:5)
  2 hounds
  A bullfrog skeleton (D:6)
  An iguana (D:5)
  2 jellies
  2 orc wizards (D:5)
  A worker ant (D:7)
  A worker ant zombie (D:5)
  4 gnolls
  6 adders
  An adder zombie (D:6)
  An adder skeleton (D:4)
  A worm (D:5)
  A leopard gecko (D:7)
  3 orcs (D:6)
  A hobgoblin (D:3)
  2 jackals (D:7)
  A leopard gecko skeleton (D:5)
  A rat (D:3)
42 creatures vanquished.

Vanquished Creatures (others)
  6 battlemagi
  2 ancestors
8 creatures vanquished.

Grand Total: 121 creatures vanquished

Notes
Turn   | Place    | Note
-------+----------+-------------------------------------------
     0 | D:1      | tkappleton the Vine Stalker Venom Mage began the quest for
                  | the Orb.
     0 | D:1      | Reached XP level 1. HP: 9/9 MP: 4/4
   206 | D:1      | Reached XP level 2. HP: 13/13 MP: 4/6
  1061 | D:2      | Reached skill level 3 in Stealth
  1061 | D:2      | Reached XP level 3. HP: 16/16 MP: 2/7
  1210 | D:2      | Noticed Jessica
  1215 | D:2      | Killed Jessica
  1215 | D:2      | Gained mutation: Your natural rate of healing is unusually
                  | fast. [Vine Stalker growth]
  1215 | D:2      | Reached XP level 4. HP: 21/21 MP: 5/9
  1259 | D:2      | Found a basalt altar of Yredelemnul.
  1792 | D:2      | Found a hazy altar of Hepliaklqana.
  1799 | D:2      | Became a worshipper of Hepliaklqana the Forgotten
  1803 | D:2      | Found a white marble altar of Elyvilon.
  1806 | D:2      | Found a hide-covered altar of Uskayaw.
  1933 | D:3      | Found a snail-covered altar of Cheibriados.
  1935 | D:3      | Reached skill level 1 in Short Blades
  2198 | D:3      | Reached XP level 5. HP: 21/21 MP: 8/10
  2239 | D:3      | Found a stormy altar of Qazlal.
  2467 | D:3      | You fall into a shaft and drop 3 floors!
  2750 | D:6      | Noticed an orc warrior
  2809 | D:5      | Entered Level 5 of the Dungeon
  2844 | D:4      | Reached * piety under Hepliaklqana
  2882 | D:4      | Noticed a phantom
  3019 | D:4      | Reached XP level 6. HP: 25/25 MP: 9/11
  3095 | D:4      | Killed a phantom
  3095 | D:4      | Reached skill level 4 in Stealth
  3749 | D:5      | Reached XP level 7. HP: 13/28 MP: 0/13
  4040 | D:5      | Found a runed translucent gate.
  4040 | D:5      | Found a runed translucent gate.
  4040 | D:5      | Found a runed translucent gate.
  4043 | D:5      | Noticed tmcgee265's ghost (novice HuFE)
  4627 | D:5      | Reached ** piety under Hepliaklqana
  4628 | D:5      | Remembered your ancestor Esmond as a battlemage
  5405 | D:6      | Reached skill level 5 in Stealth
  5460 | D:6      | Gained mutation: You have razor-sharp teeth. [Vine Stalker
                  | growth]
  5460 | D:6      | Reached XP level 8. HP: 32/32 MP: 15/15
  5720 | D:6      | Found a staircase to the Ecumenical Temple.
  5722 | D:6      | Found a basalt altar of Yredelemnul.
  5730 | D:6      | Reached skill level 5 in Poison Magic
  6259 | D:6      | Found a bloodstained altar of Trog.
  6376 | D:6      | Reached skill level 6 in Stealth
  6642 | D:7      | Reached skill level 5 in Spellcasting
  6860 | D:7      | Reached XP level 9. HP: 35/35 MP: 17/17
  7027 | D:7      | Reached *** piety under Hepliaklqana
  7297 | D:7      | Killed from afar by Esmond the battlemage

Levels and vault maps discovered:
D:1:      evilmike_arrival_fibonacci_small, layout_loops_cross
D:2:      layout_loops_ring, yredelemnul_altar_generic,
          grunt_temple_overflow_diamond, uniq_jessica
D:3:      layout_basic, nicolae_overflow_crystal_walls, lemuel_crystal_altar
D:4:      layout_cave_pods, first_ration, minmay_misc_feat_rows
D:5:      layout_basic, ebering_ghost_rock_garden, lightli_sewer_entry_pipes
D:6:      layout_basic, lightli_temple_of_fire, minmay_temple_entry_ruins,
          basic_altar
D:7:      layout_loops_ring, sigmund_army
D:8:      layout_rooms

Skill      XL: |  1  2  3  4  5  6  7  8 |
---------------+-------------------------+-----
Stealth        | 3 4 5 6 |  6.4
Dodging        | 2 3 4 |  4.2
Short Blades   | 1 2 3 |  3.9
Spellcasting   | 3 4 5 |  5.2
Conjurations   | 2 3 4 |  4.7
Poison Magic   | 4 5 |  5.5

Action                   |  1- 3 |  4- 6 |  7- 9 || total
-------------------------+-------+-------+-------++-------
Melee: Short sword       |     3 |   225 |    56 ||   284
       Bite              |     1 |    38 |    14 ||    53
Throw: Javelin           |       |    10 |     4 ||    14
 Cast: Sting             |    37 |    77 |   122 ||   236
Invok: Ancestor Life: Ba |       |       |     1 ||     1
       Ancestor Identity |       |       |     1 ||     1
  Eat: Chunk             |     1 |     8 |     8 ||    17
       Ration            |       |       |     1 ||     1
Armor: Robe              |     1 |    39 |    14 ||    54
Dodge: Dodged            |    12 |   108 |    52 ||   172
